 Dungeon Crawl Stone Soup version 0.31-a0-177-g4aa6249778 (webtiles) character file.

Game seed: 14308161191164745373

109 qw the Chopper (level 4, -4/28 HPs)
             Began as a Gargoyle Fighter on June 17, 2023.
             Slain by Ijyb
             ... wielding a +0 dagger
              (7 damage)
             ... on level 3 of the Dungeon.
             The game lasted 00:00:59 (1370 turns).

qw the Chopper (Gargoyle Fighter)                   Turns: 1370, Time: 00:01:00

Health: -4/28      AC: 10    Str: 22    XL:     4   Next: 90%
Magic:  4/4        EV:  9    Int:  8    God:
Gold:   88         SH:  4    Dex:  9    Spells: 3/3 levels left

rFire   . . .        Y - +0 war axe
rCold   . . .        c - +0 buckler
rNeg    + + .        b - +0 scale mail
rPois   inf          (no helmet)
rElec   +            (no cloak)
rCorr   .            (no gloves)
SInv    .            (no boots)
Will    .....        (no amulet) Stlth
                     k - ring of positive energy
HPRegen 0.24/turn    (no ring)
MPRegen 0.09/turn

%: no passive effects
@: no status effects
A: sickness immunity, AC +3, negative energy resistance 1, electricity
resistance, torment resistance 1, petrification resistance
a: no special abilities


You were on level 3 of the Dungeon.
You visited 1 branch of the dungeon, and saw 3 of its levels.

You collected 88 gold pieces.


Innate Abilities, Weirdness & Mutations

You are immune to sickness and miasma.
Your stone body is resilient. (AC +3)
You are immune to poison.
You resist negative energy. (rN+)
You are resistant to electric shocks. (rElec)
You are resistant to unholy torment.
You are immune to petrification.


   Skills:
 - Level 3.2 Fighting
 + Level 4.4 Axes
 - Level 3.2 Armour
 - Level 3.2 Shields


You had 3 spell levels left.
You didn't know any spells.
Your spell library was empty.

Inventory:

Hand Weapons
 i - a +0 flail
 Y - a +0 war axe (weapon)
Armour
 b - a +0 scale mail (worn)
 c - a +0 buckler (worn)
Jewellery
 k - a ring of positive energy (left hand)
Potions
 d - a potion of might
 f - a potion of lignification {unknown}
 g - 2 potions of curing
 j - a potion of cancellation {unknown}

Dungeon Overview and Level Annotations

Branches:
Dungeon (3/15)

Altars:
Fedhas

Shops:
D:1 =

Annotations:
D:3 Ijyb


Message History

1286 ||| READING scroll labelled NIH XEM KYXTEA.
As you read the scroll labelled NIH XEM KYXTEA, it crumbles to dust.
You assume a fearsome visage.
Nothing appears to happen.
It was a scroll of fear.
Done exploring.
1287 ||| READING scroll labelled HEADAFEURO.
As you read the scroll labelled HEADAFEURO, it crumbles to dust.
The air around you briefly surges with heat, but it dissipates.
It was a scroll of immolation.
Done exploring.
1288 ||| DRINKING 3 metallic ruby potions.
It was a potion of curing.
You feel better.
Done exploring.
(D) Dungeon
Where to? (* - list waypoints, Enter - D:2, ? - help)
What level of the Dungeon? (default 1, ? - help)
There is a stone staircase leading down here.
You climb downwards.
There is a stone staircase leading up here.
Waypoint 2 assigned to D:3.
A bat comes into view.
Found 16 gold pieces and a scroll labelled JIVUDEME HOAT.
The bat hits you but does no damage.
You slash the bat!
You kill the bat!
You now have 88 gold pieces (gained 16).
Found a stone staircase leading down.
Ijyb the Twisted Goblin comes into view.
She is wielding a +0 dagger and carrying a wand of flame (8).
Ijyb shouts!
Ijyb zaps a wand.
The puff of flame hits you.
Ijyb drinks a potion.
Ijyb goes berserk!
You closely miss Ijyb. Ijyb hits you with a +0 dagger.
Ijyb hits you but does no damage.
You barely miss Ijyb. Ijyb hits you with a +0 dagger.
Ijyb hits you but does no damage.
You closely miss Ijyb. Ijyb hits you with a +0 dagger.
Ijyb hits you with a +0 dagger!
You hit Ijyb but do no damage. Ijyb hits you but does no damage.
Ijyb hits you with a +0 dagger!
You die...

#. .. ... .... #.####
.#.###.... ...>.....
#..#.. ##
#....####.....
#.#?.@g....... #..
#.#..####.....
###..##.#....##.....
...............#
###...##.#..#.#######
........#..#........
#...##.#..#..#####.
#...##.......#
###.........##.#####


You could see Ijyb (berserk).

Vanquished Creatures
  Jessica (D:2)
  3 adders (D:2)
  A dart slug (D:2)
  6 ball pythons
  7 endoplasms
  3 giant cockroaches (D:2)
  7 goblins
  5 hobgoblins
  4 jackals (D:2)
  3 kobolds
  2 quokkas
  5 bats
  2 frilled lizards (D:1)
  3 rats
52 creatures vanquished.

Notes
Turn   | Place    | Note
-------+----------+-------------------------------------------
     0 | D:1      | qw the Gargoyle Fighter began the quest for the Orb.
     0 | D:1      | Reached XP level 1. HP: 14/14 MP: 1/1
     0 | D:1      | 0 ||| qw: Version: 0.3-a-5-g6f28e65
     0 | D:1      | 0 ||| qw: Game counter: 501
     0 | D:1      | 0 ||| qw: Always use a shield: true
     0 | D:1      | 0 ||| qw: God list: Okawaru
     0 | D:1      | 0 ||| qw: Allow faded altars: false
     0 | D:1      | 0 ||| qw: Do Orc after D:15 true
     0 | D:1      | 0 ||| qw: Do second Lair branch before Depths: true
     0 | D:1      | 0 ||| qw: Lair rune preference: random
     0 | D:1      | 0 ||| qw: Plans: Normal, Zot:1-4, Slime:5, God:TSO, Crypt,
                  | Tomb, Abyss, Pan, Hells, Win
     0 | D:1      | 0 ||| PLANNING D:1-11
   132 | D:1      | Reached skill level 2 in Axes
   177 | D:1      | 177 ||| FLEEEEING.
   178 | D:1      | 178 ||| FLEEEEING.
   194 | D:1      | Reached XP level 2. HP: 19/19 MP: 2/2
   204 | D:1      | Found Inih's Jewellery Emporium.
   212 | D:1      | 212 ||| SHOPLISTING +4 ring of protection (504 gold, have
                  | 16).
   212 | D:1      | 212 ||| SHOPLISTING amulet of reflection (420 gold, have
                  | 16).
   212 | D:1      | 212 ||| SHOPLISTING ring "Hiodan" {rF+ rC+ rCorr Int+6}
                  | (750 gold, have 16).
   212 | D:1      | 212 ||| SHOPLISTING ring of protection from fire (350 gold,
                  | have 16).
   212 | D:1      | 212 ||| SHOPLISTING ring of resist corrosion (280 gold,
                  | have 16).
   439 | D:1      | 439 ||| DROPPING +0 club.
   691 | D:2      | Reached skill level 3 in Axes
   693 | D:2      | 693 ||| STAIRDANCE
   719 | D:2      | 719 ||| STAIRDANCE
   722 | D:1      | Reached XP level 3. HP: 21/23 MP: 3/3
   773 | D:2      | 773 ||| Stepping ~*~*~tactically~*~*~ (stealth).
   774 | D:2      | 774 ||| Stepping ~*~*~tactically~*~*~ (stealth).
   775 | D:2      | 775 ||| Stepping ~*~*~tactically~*~*~ (stealth).
   880 | D:2      | 880 ||| DROPPING +0 whip.
   902 | D:2      | 902 ||| Stepping ~*~*~tactically~*~*~ (stealth).
   904 | D:2      | 904 ||| Stepping ~*~*~tactically~*~*~ (hiding).
   905 | D:2      | 905 ||| Stepping ~*~*~tactically~*~*~ (hiding).
   906 | D:2      | 906 ||| Stepping ~*~*~tactically~*~*~ (hiding).
  1053 | D:2      | Noticed Jessica
  1060 | D:2      | Killed Jessica
  1061 | D:2      | Reached skill level 4 in Axes
  1061 | D:2      | Reached XP level 4. HP: 26/28 MP: 4/4
  1079 | D:2      | 1079 ||| Stepping ~*~*~tactically~*~*~ (stealth).
  1098 | D:2      | Found a blossoming altar of Fedhas.
  1285 | D:2      | 1285 ||| UPGRADING to ring of positive energy.
  1286 | D:2      | 1286 ||| READING scroll labelled NIH XEM KYXTEA.
  1287 | D:2      | 1287 ||| READING scroll labelled HEADAFEURO.
  1288 | D:2      | 1288 ||| DRINKING 3 metallic ruby potions.
  1364 | D:3      | Noticed Ijyb
  1369 | D:3      | HP: 2/28 [Ijyb/+0 dagger (7)]
  1370 | D:3      | Slain by Ijyb

Levels and vault maps discovered:
D:1:      dpeg_arrival_pits, layout_basic, serial_shops, shop
D:2:      minmay_alternating_diamond, layout_rooms, basic_altar, uniq_jessica
D:3:      layout_basic, nzn_overflow_gifts_of_might_and_magic,
          nicolae_gozag_seed_capital, uniq_ijyb

Skill      XL: |  1  2  3 |
---------------+----------+-----
Axes           | 2 3 4 |  4.4
Fighting       | |  3.2
Armour         | |  3.2
Shields        | |  3.2

Action                     |  1- 3 |  4- 6 || total
---------------------------+-------+-------++-------
  Melee: War axe           |   119 |    41 ||   160
    Use: Scroll            |       |     2 ||     2
         Potion            |       |     1 ||     1
 Armour: Scale mail        |    70 |    39 ||   109
  Dodge: Dodged            |    55 |    22 ||    77
  Block: Buckler           |    17 |    10 ||    27

Table legend:
 A = Non-vault XP
 B = Vault XP
 C = Vault XP percentage of total XP
 D = Non-vault monster count
 E = Vault monster count
 F = Vault count percentage of total count
                 A         B        C        D         E       F
            +---------+---------+-------+---------+---------+-------
      Total |      88 |      69 |  43.9 |      45 |       7 |  13.5
            +---------+---------+-------+---------+---------+-------
        D:1 |      31 |       0 |   0.0 |      19 |       0 |   0.0
        D:2 |      56 |      69 |  55.2 |      25 |       7 |  21.9
        D:3 |       1 |       0 |   0.0 |       1 |       0 |   0.0
            +---------+---------+-------+---------+---------+-------
